 Dungeon Crawl Stone Soup version 0.21.1-1-g345015fe64 (webtiles) character file.

7865 Gunterle the Fighter (level 11, -4/117 HPs)
             Began as an Ogre Gladiator on July 28, 2018.
             Was a Believer of the Shining One.
             Slain by a warg (9 damage)
             ... on level 1 of the Orcish Mines on July 29, 2018.
             The game lasted 01:22:14 (17258 turns).

Gunterle the Fighter (Ogre Gladiator)              Turns: 17258, Time: 01:22:14

Health: -4/117     AC:  5    Str: 20      XL:     11   Next: 21%
Magic:  15/15      EV: 13    Int:  8 (9)  God:    the Shining One [**....]
Gold:   762        SH:  0    Dex: 13      Spells: 9/10 levels left

rFire    + . .     SeeInvis .   q - +3 flail (holy)
rCold    . . .     Gourm    .   (no shield)
rNeg     + . .     Faith    .   b - +0 robe
rPois    .         Spirit   .   X - +1 hat
rElec    .         Reflect  .   e - +0 cloak
rCorr    .         Harm     .   (gloves unavailable)
MR       +....                  (boots unavailable)
Stlth    +.........             (no amulet)
HPRegen  0.29/turn              l - ring of stealth
MPRegen  0.14/turn              m - ring of protection from fire

@: about to teleport, glowing
A: large, unfitting armour, tough skin 1
a: Divine Shield, Renounce Religion


You were on level 1 of the Orcish Mines.
You worshipped the Shining One.
The Shining One was pleased with you.
You were not hungry.

You visited 3 branches of the dungeon, and saw 12 of its levels.

You collected 762 gold pieces.

Inventory:

Hand Weapons
 a - a +0 whip of flaming
 c - a cursed -1 war axe
 g - a +1 hand axe of distortion
 i - a +2 demon whip of draining
 q - a +3 flail of holy wrath (weapon)
 y - a +0 blowgun
 N - a +0 flail of holy wrath
Missiles
 s - 4 tomahawks of returning
 A - 29 poisoned needles
 P - 2 throwing nets
 W - 18 tomahawks
 Y - a large rock (quivered)
Armour
 b - a +0 robe (worn)
 e - a +0 cloak (worn)
 V - a +0 shield
 X - a +1 hat (worn)
Jewellery
 l - a ring of stealth (left hand)
 m - a ring of protection from fire (right hand)
Wands
 t - a wand of iceblast (3)
 J - a wand of digging (10)
Scrolls
 r - a scroll of identify
 u - a scroll of fog
 F - a scroll of magic mapping
 L - 6 scrolls of remove curse
Potions
 d - a potion of flight
 k - 3 potions of magic
 n - a potion of cancellation
 D - a potion of resistance {unknown}
 I - a potion of heal wounds {unknown}
 S - a potion of mutation {unknown}
 T - a potion of degeneration {unknown}
Comestibles
 f - 14 rations
 h - 3 chunks of flesh


   Skills:
 + Level 9.9 Fighting
 * Level 9.7 Maces & Flails
 + Level 7.3 Throwing
 + Level 7.1 Dodging
 + Level 6.3 Invocations


You had 9 spell levels left.
You knew the following spells:

 Your Spells              Type           Power        Failure   Level  Hunger
a - Corona                Hex            #......      41%         1    ##.....


Dungeon Overview and Level Annotations

Branches:
Dungeon (9/15)             Temple (1/1) D:7            Lair (0/6) D:8
    Orc (2/2) D:9
    Elf: Orc:2

Altars:
Ashenzari
Cheibriados
Dithmenos
Elyvilon
Fedhas
Gozag
Hepliaklqana
Kikubaaqudgha
Makhleb
Nemelex Xobeh
Okawaru
Qazlal
Ru
Sif Muna
Trog
Uskayaw
Vehumet
Wu Jian
Xom
Yredelemnul
Zin
The Shining One
Jiyva

Annotations:
Orc:2 Saint Roka


Innate Abilities, Weirdness & Mutations

You are too large for most types of armour.
You have tough skin. (AC +1)


Message History

The warg closely misses you.
There is a stone staircase leading up, spattered with blood here.
The two-headed ogre hits you with a giant club!
The two-headed ogre barely misses you.
The two-headed ogre hits you with a giant spiked club!!!
* * * LOW HITPOINT WARNING * * *
The two-headed ogre closely misses you. The warg misses you.
You climb upwards.
There is a stone staircase leading down, spattered with blood here.
Things that are here:
a plate armour; a halberd The warg bites you!
* * * LOW HITPOINT WARNING * * *
The warg bites you.
* * * LOW HITPOINT WARNING * * *
The warg bites you.
* * * LOW HITPOINT WARNING * * *
As you read the scroll of teleportation, it crumbles to dust.
You feel strangely unstable. The warg bites you!
You die...

##....## ####.[...## ###
###
##.###)....###.#######.##
#...#.....###...##.##...#
#..........###.##......##
#...#.#.....##.#.#....####
.[.#...............#..##.##
.>....)........#..........#
..[..<>).......#@..#...#.##
.....[)[......Oh#.##..####
.#....................##
#...............#..#...#
#..............##...#.##
#.......^...#.###..####
...#...##.######...#
#.##...#### #...##
####.....## ##..##


You could see a two-headed ogre and a warg.

Vanquished Creatures
  2 two-headed ogres
  An orc high priest (Orc:1)
  Pikel (D:6)
  A cyclops (D:7)
  A troll (Orc:1)
  The ghost of Kirk the Chopper, an amateur DsGl (D:4)
  Eustachio (D:6)
  A steam dragon (D:9)
  A water moccasin (D:9)
  8 orc warriors
  2 slaves (D:5)
  An ice beast (D:9)
  A sky beast (D:9)
  A necrophage (D:8)
  9 ogres
  4 centaurs
  2 big kobolds
  4 bullfrogs
  A gnoll sergeant (D:7)
  A wyvern skeleton (D:6)
  A scorpion (D:4)
  4 killer bees
  4 wights (D:9)
  2 howler monkeys
  2 crimson imps
  A quasit (D:9)
  6 hounds
  A centaur zombie (D:6)
  A gnoll shaman (D:8)
  3 orc priests
  4 jellies
  12 orc wizards
  2 worker ants
  2 iguanas
  A killer bee zombie (D:9)
  A hound zombie (D:4)
  2 hound skeletons
  11 gnolls
  12 adders
  A shadow imp (D:8)
  3 oozes
  3 adder skeletons
  2 worms
  A dart slug (D:1)
  5 leopard geckos
  39 orcs
  3 ball pythons (D:1)
  5 bats
  7 giant cockroaches
  15 goblins
  8 hobgoblins
  4 jackals
  3 quokkas
  3 frilled lizards
  14 kobolds
  A quokka skeleton (D:8)
  14 rats
247 creatures vanquished.

Notes
Turn   | Place    | Note
-------+----------+-------------------------------------------
     0 | D:1      | Gunterle the Ogre Gladiator began the quest for the Orb.
     0 | D:1      | Reached XP level 1. HP: 22/22 MP: 1/1
    59 | D:1      | Reached XP level 2. HP: 24/31 MP: 2/2
   592 | D:1      | Reached XP level 3. HP: 37/37 MP: 3/3
  1253 | D:2      | Noticed an orc warrior
  1315 | D:1      | HP: 1/37 [orc warrior/hand axe (7)]
  1632 | D:2      | Reached XP level 4. HP: 28/45 MP: 4/4
  1865 | D:2      | Found a stormy altar of Qazlal.
  2003 | D:2      | Found an opulent altar of Gozag.
  2003 | D:2      | Found a burning altar of Makhleb.
  2004 | D:2      | Found an ornate altar of the Wu Jian Council.
  2004 | D:2      | Found a radiant altar of Vehumet.
  2280 | D:2      | Reached XP level 5. HP: 54/54 MP: 5/5
  3832 | D:3      | Reached XP level 6. HP: 61/62 MP: 6/6
  4453 | D:4      | Reached XP level 7. HP: 51/71 MP: 7/7
  4589 | D:4      | Reached skill level 5 in Fighting
  4684 | D:4      | Reached skill level 5 in Maces & Flails
  4715 | D:4      | Found a glowing golden altar of the Shining One.
  4732 | D:4      | Noticed Kirk's ghost (amateur DsGl)
  5248 | D:4      | Killed Kirk's ghost
  5779 | D:4      | Became a worshipper of the Shining One
  5814 | D:5      | Entered Level 5 of the Dungeon
  5846 | D:5      | Reached XP level 8. HP: 76/83 MP: 8/8
  6303 | D:5      | Identified Mehe Boeba's Grimoire of Nocuous Beguiling
  7155 | D:5      | Learned a level 1 spell: Corona
  7164 | D:6      | Reached skill level 1 in Invocations
  7418 | D:6      | Noticed Pikel
  7524 | D:6      | Killed Pikel
  7524 | D:6      | Reached skill level 5 in Throwing
  7524 | D:6      | Reached skill level 5 in Dodging
  7699 | D:6      | Noticed Eustachio
  7733 | D:6      | Killed Eustachio
  7733 | D:6      | Reached XP level 9. HP: 47/92 MP: 9/11
  8750 | D:7      | Noticed a two-headed ogre
  8980 | D:7      | Noticed a cyclops
  9056 | D:7      | Killed a cyclops
  9722 | D:7      | The Shining One protects you from harm!
  9723 | D:7      | Killed a two-headed ogre
 10122 | D:7      | Reached XP level 10. HP: 88/104 MP: 13/13
 10449 | D:7      | Reached * piety under the Shining One
 10868 | D:8      | Noticed a dagger
 11205 | D:7      | Found a staircase to the Ecumenical Temple.
 11214 | Temple   | Entered the Ecumenical Temple
 11559 | D:8      | Noticed a dagger
 11863 | D:8      | Found a staircase to the Lair.
 11886 | D:8      | Found a hide-covered altar of Uskayaw.
 12097 | D:9      | Found a viscous altar of Jiyva.
 12442 | D:9      | Reached skill level 5 in Invocations
 12612 | D:9      | Noticed a two-headed ogre
 13761 | D:9      | Found a staircase to the Orcish Mines.
 13823 | D:9      | Reached ** piety under the Shining One
 14186 | D:9      | HP: 4/106 [orc warrior/demon whip of draining (20)]
 15741 | Orc:1    | Entered Level 1 of the Orcish Mines
 15897 | Orc:2    | Entered Level 2 of the Orcish Mines
 15897 | Orc:2    | Noticed an ogre mage
 15897 | Orc:2    | Noticed a two-headed ogre
 15897 | Orc:2    | Noticed a two-headed ogre
 15897 | Orc:2    | Noticed a two-headed ogre
 16242 | Orc:2    | HP: 3/107 [orc wizard/magic dart (5)]
 16289 | Orc:2    | Noticed an orc high priest
 16639 | Orc:2    | Noticed Saint Roka
 16880 | Orc:1    | Killed a two-headed ogre
 16880 | Orc:1    | Reached XP level 11. HP: 48/117 MP: 15/15
 17136 | Orc:1    | Killed an orc high priest
 17249 | Orc:1    | HP: 5/117 [warg (2)]
 17254 | Orc:1    | HP: 4/117 [warg (2)]
 17258 | Orc:1    | Slain by a warg

Skill      XL: |  1  2  3  4  5  6  7  8  9 10 |
---------------+-------------------------------+-----
Fighting       | 3 4 5 6 8 9 |  9.9
Maces & Flails | 3 4 5 6 8 9 |  9.7
Dodging        | 3 4 5 6 7 |  7.1
Throwing       | 3 4 5 6 7 |  7.3
Invocations    | 2 4 6 |  6.3

Action                   |  1- 3 |  4- 6 |  7- 9 | 10-12 || total
-------------------------+-------+-------+-------+-------++-------
Melee: Flail             |    88 |   201 |   212 |   185 ||   686
       Whip              |       |       |    68 |   167 ||   235
 Fire: Blowgun           |       |    18 |    50 |    14 ||    82
       Hunting sling     |       |       |       |     3 ||     3
Throw: Throwing net      |     3 |     3 |       |       ||     6
       Stone             |       |     5 |     2 |    32 ||    39
       Javelin           |       |       |     6 |    26 ||    32
       Large rock        |       |       |     2 |     9 ||    11
       Tomahawk          |       |       |       |    20 ||    20
Evoke: Wand              |       |       |       |     6 ||     6
  Use: Scroll            |     2 |     6 |     5 |    10 ||    23
       Potion            |     1 |       |     3 |    11 ||    15
 Stab: Sleeping          |     5 |    10 |       |       ||    15
  Eat: Chunk             |     2 |     9 |    14 |    13 ||    38
       Ration            |       |       |     1 |     3 ||     4
Armor: Robe              |    22 |    44 |    54 |    60 ||   180
Dodge: Dodged            |    38 |   131 |   162 |   241 ||   572
